 Dungeon Crawl Stone Soup version 0.32-a0-891-gc41d80381e (console) character file.

Game seed: 3305446909155076291

3100 Kenran the Grappler (level 9, 0/75 HPs)
             Began as a Minotaur Alchemist on Apr 3, 2024.
             Was an Elder of Fedhas.
             Slain by a freezing wraith (5 damage)
             ... on level 7 of the Dungeon.
             The game lasted 00:15:27 (5582 turns).

Kenran the Grappler (Minotaur Alchemist)            Turns: 5582, Time: 00:15:28

Health: 0/75       AC: 19    Str: 17    XL:     9   Next: 59%
Magic:  10/10      EV:  3    Int: 12    God:    Fedhas [****..]
Gold:   117        SH:  6    Dex: 11    Spells: 9/10 levels left

rFire   . .          .
                       - Unarmed
rCold   + + .        x - +0 kite shield
rNeg    . . .        p - +1 plate armour {rC+}
rPois   .            (helmet restricted)
rElec   .            (no cloak)
rCorr   .            g - +0 pair of gloves
SInv    .            w - +2 pair of boots
Will    .....        i - amulet of regeneration Stlth
                     c - ring of flight
HPRegen 1.12/turn    B - ring of protection from cold
MPRegen 0.12/turn

%: no passive effects
@: flying, slowed, very slow
A: horns 2, retaliatory headbutt
a: Renounce Religion, Wall of Briars, Grow Ballistomycete, Overgrow


You were on level 7 of the Dungeon.
You worshipped Fedhas.
Fedhas was greatly pleased with you.
You visited 1 branch of the dungeon, and saw 8 of its levels.

You collected 408 gold pieces.
You spent 291 gold pieces at shops.

Inventory:

Missiles
 y - a throwing net
Armour
 g - a +0 pair of gloves (worn)
 p - a +1 plate armour of cold resistance (worn)
 w - a +2 pair of boots (worn)
 x - a +0 kite shield (worn)
Jewellery
 c - a ring of flight (left hand)
 i - an amulet of regeneration (around neck)
 B - a ring of protection from cold (right hand)
Wands
 k - a wand of paralysis (20)
 o - a wand of iceblast (15)
 s - a wand of flame (20)
 t - a wand of mindburst (11)
 v - a wand of light (9)
Scrolls
 d - a scroll of silence
 e - 6 scrolls of teleportation
 h - a scroll of revelation
 l - a scroll of torment {unknown}
 q - a scroll of fear {unknown}
 u - a scroll of fog {unknown}
Potions
 b - 4 potions of magic
 j - a potion of ambrosia {unknown}
 m - a potion of brilliance {unknown}
 n - a potion of attraction {!q}
 r - a potion of lignification {unknown}
 z - a potion of degeneration {unknown}
 A - a potion of enlightenment {unknown}


   Skills:
 - Level 6.0 Fighting
 + Level 7.6 Armour
 - Level 2.1 Dodging
 - Level 1.5 Stealth
 + Level 10.8 Unarmed Combat
 - Level 1.3 Spellcasting
 - Level 0.6 Conjurations
 - Level 2.1 Alchemy
 + Level 3.5 Invocations


You had 9 spell levels left.
You knew the following spells:

 Your Spells              Type           Power      Damage    Failure   Level
a - Sting                 Conj/Alch      16%        1d4       100%        1

Your spell library contained the following spells:

 Spells                   Type           Power      Damage    Failure   Level
 Jinxbite                 Hex            0%         N/A       100%        2
 Mercury Vapours          Alch/Air       6%         N/A       100%        2
 Mephitic Cloud           Conj/Alch/Air  3%         N/A       100%        3
 Tukima's Dance           Hex            0%         N/A       100%        3
 Anguish                  Hex/Necr       0%         N/A       100%        4
 Cause Fear               Hex            0%         N/A       100%        4
 Olgreb's Toxic Radiance  Alch           6%         N/A       100%        4
 Passage of Golubria      Tloc           0%         N/A       100%        4
 Sticky Flame             Fire/Alch      3%         2d4       100%        4
 Yara's Violent Unravell  Hex/Alch       1%         3d3       100%        5
 Enfeeble                 Hex            0%         N/A       100%        7


Dungeon Overview and Level Annotations

Branches:
Dungeon (8/15)             Temple (0/1) D:5
   Lair: D:8-11

Altars:
Cheibriados
Fedhas
Gozag
Kikubaaqudgha
Qazlal
Vehumet

Shops:
D:2 [   D:3 [   D:5 :   D:6 ?

Annotations:
D:7 3 runed translucent doors, anet's ghost, novice MDCj


Innate Abilities, Weirdness & Mutations

You have a pair of horns on your head.
You reflexively headbutt those who attack you in melee.


Message History

The white imp hits you but does no damage.
The freezing wraith hits you. The freezing wraith freezes you. You resist.
The freezing wraith hits you but does no damage.
The white imp hits you. The white imp freezes you. You resist.
The ice devil hits you! The ice devil freezes you. You resist.
As you read the scroll of teleportation, it crumbles to dust.
You feel strangely unstable. The white imp barely misses you.
You furiously retaliate!
You headbutt the white imp! You block the freezing wraith's attack.
The freezing wraith hits you but does no damage.
The white imp hits you but does no damage.
The ice devil hits you but does no damage.
You block the white imp's attack.
The freezing wraith hits you but does no damage.
You block the freezing wraith's attack.
The white imp hits you but does no damage.
The white imp shouts, "Leave, thou mammering fat-kidneyed efter!"
The ice devil hits you but does no damage.
Your surroundings suddenly seem different.
A freezing wraith comes into view.
The freezing wraith hits you. The freezing wraith freezes you. You resist.
The freezing wraith barely misses you.
You punch the freezing wraith!
Your headbutt misses the freezing wraith.
The freezing wraith is moderately damaged.
The freezing wraith hits you!
* * * LOW HITPOINT WARNING * * *
The freezing wraith freezes you. You resist.
* * * LOW HITPOINT WARNING * * *
You block the freezing wraith's attack.
You hit the freezing wraith.
You headbutt the freezing wraith, but do no damage.
The freezing wraith is moderately damaged.
The freezing wraith hits you!
* * * LOW HITPOINT WARNING * * *
The freezing wraith freezes you. You resist.
* * * LOW HITPOINT WARNING * * *
The freezing wraith hits you.
You die...
Fedhas appreciates your contribution to the ecosystem.

############# ##.....#.....##
##.............##
#.....@.........# ##
#.....W.........#
.##########...............#######
................................#
###########......................
##..................... ######
##.....#.............. .....##
##.#########......>.. ......##
##.# #.........


You could see a freezing wraith.

Vanquished Creatures
  Joseph (D:7)
  An ice devil (D:7)
  A troll (D:6)
  A hornet (D:7)
  Sigmund (D:2)
  A wyvern (D:7)
  A steam dragon (D:7)
  A water moccasin (D:7)
  A sky beast (D:7)
  An ogre (D:7)
  A centaur (D:5)
  2 phantoms
  A kobold brigand (D:7)
  A gnoll sergeant (D:6)
  A bullfrog (D:7)
  3 scorpions
  4 wights
  A jelly (D:7)
  An orc priest (D:4)
  A bombardier beetle (D:6)
  3 hounds
  A gnoll bouda (D:4)
  2 iguanas
  Ijyb (D:4)
  An orc wizard (D:4)
  13 gnolls
  4 adders
  5 white imps
  2 ufetubi (D:6)
  4 dart slugs
  2 ribbon worms
  15 orcs
  8 endoplasms
  5 giant cockroaches
  4 goblins
  7 hobgoblins
  6 jackals
  11 kobolds
  2 quokkas (D:2)
  12 ball pythons
  6 bats
  4 frilled lizards
  5 rats
149 creatures vanquished.

Notes
Turn   | Place    | Note
-------+----------+-------------------------------------------
     0 | D:1      | Kenran the Minotaur Alchemist began the quest for the Orb.
     0 | D:1      | Reached XP level 1. HP: 14/14 MP: 1/1
    38 | D:1      | Reached skill level 1 in Unarmed Combat
   126 | D:1      | Reached skill level 2 in Unarmed Combat
   126 | D:1      | Reached XP level 2. HP: 13/20 MP: 3/3
   301 | D:1      | Found a faded altar of an unknown god.
   318 | D:1      | Prayed at the altar of an unknown god.
   318 | D:1      | Became a worshipper of Fedhas Madash
   318 | D:1      | Reached * piety under Fedhas
   473 | D:1      | Reached skill level 3 in Unarmed Combat
   525 | D:1      | Reached XP level 3. HP: 26/26 MP: 4/4
  1081 | D:2      | Found Veaniojil's Armour Emporium.
  1276 | D:2      | You are sucked into a shaft and drop 2 floors!
  1375 | D:4      | Noticed a scorpion
  1382 | D:4      | Killed a scorpion
  1383 | D:4      | Reached skill level 4 in Unarmed Combat
  1383 | D:4      | Reached XP level 4. HP: 33/33 MP: 5/5
  1403 | D:4      | Reached skill level 5 in Unarmed Combat
  1409 | D:4      | Reached ** piety under Fedhas
  1606 | D:3      | Reached XP level 5. HP: 38/38 MP: 6/6
  1815 | D:3      | Found Wufeced's Armour Boutique.
  2230 | D:2      | Noticed Sigmund
  2246 | D:2      | Killed Sigmund
  2247 | D:2      | Reached skill level 7 in Unarmed Combat
  2247 | D:2      | Reached XP level 6. HP: 40/45 MP: 7/7
  2968 | D:4      | Reached *** piety under Fedhas
  2969 | D:4      | Reached skill level 8 in Unarmed Combat
  2969 | D:4      | Reached XP level 7. HP: 40/50 MP: 8/8
  2980 | D:4      | Noticed Ijyb
  2989 | D:4      | Killed Ijyb
  3318 | D:5      | Entered Level 5 of the Dungeon
  3408 | D:5      | Found Sawnujub's Book Shop.
  3477 | D:5      | Found a staircase to the Ecumenical Temple.
  3490 | D:5      | Reached skill level 9 in Unarmed Combat
  3951 | D:2      | Bought a +2 pair of boots for 231 gold pieces
  4343 | D:6      | Reached skill level 10 in Unarmed Combat
  4507 | D:6      | Reached XP level 8. HP: 57/57 MP: 9/9
  4529 | D:6      | Found Kackum's Magic Scroll Shoppe.
  4539 | D:6      | Bought a scroll of identify for 30 gold pieces
  4539 | D:6      | Bought a scroll of identify for 30 gold pieces
  4706 | D:6      | Found a snail-covered altar of Cheibriados.
  4713 | D:6      | Found a stormy altar of Qazlal.
  4713 | D:6      | Found a blossoming altar of Fedhas.
  4713 | D:6      | Found an ancient bone altar of Kikubaaqudgha.
  4713 | D:6      | Found a radiant altar of Vehumet.
  4713 | D:6      | Noticed a troll
  4716 | D:6      | Found an opulent altar of Gozag.
  4742 | D:6      | Killed a troll
  4797 | D:7      | Reached skill level 5 in Armour
  4896 | D:7      | Reached **** piety under Fedhas
  4918 | D:7      | Identified the +3 dagger of Guile {heavy, Dex+4}
  4986 | D:7      | Reached skill level 5 in Fighting
  5061 | D:7      | Reached XP level 9. HP: 56/75 MP: 10/10
  5085 | D:7      | Found a runed translucent gate.
  5092 | D:7      | Paralysed by a hornet for 1 turns
  5095 | D:7      | Paralysed by a hornet for 2 turns
  5103 | D:7      | Reached skill level 1 in Invocations
  5245 | D:7      | Noticed an ice devil
  5284 | D:7      | Killed an ice devil
  5319 | D:7      | Noticed Joseph
  5337 | D:7      | Killed Joseph
  5491 | D:7      | Found a runed translucent gate.
  5491 | D:7      | Found a runed translucent gate.
  5492 | D:7      | Noticed anet's ghost (novice MDCj)
  5493 | D:7      | Noticed a kobold demonologist
  5557 | D:7      | Noticed an ice devil
  5565 | D:7      | Noticed a freezing wraith
  5571 | D:7      | Noticed a freezing wraith
  5578 | D:7      | Noticed a freezing wraith
  5582 | D:7      | Slain by a freezing wraith

Illustrated notes

Levels and vault maps discovered:
D:1:      dpeg_arrival_windows_large_door, layout_basic,
          hellmonk_ecumenical_altar_pennies_from_heaven, serial_bayou_lagoon_b
D:2:      layout_basic, serial_rivers, chequers_serial_rivers_micro_b,
          chequers_serial_rivers_small_3, chequers_serial_rivers_small_a,
          chequers_serial_rivers_marsh, serial_shops, shop,
          serial_bayou_lagoon_a, kennysheep_generic_room_4, uniq_sigmund
D:3:      layout_loops_cross, serial_shops, nicolae_shop_crystal
D:4:      layout_loops_ring, chequers_serial_rivers_micro_e, minmay_checkerbox,
          uniq_ijyb
D:5:      layout_loops_ring, minmay_temple_entry_antechambers, serial_shops,
          shop
D:6:      layout_loops_ring, minitemple, serial_shops, shop,
          minmay_misc_feat_alley
D:7:      layout_rooms, gammafunk_ghost_nasty_kobolds,
          hellmonk_guarded_unrand_frostbite, uniq_joseph
D:8:      layout_gridville

Skill      XL: |  1  2  3  4  5  6  7  8  9 |
---------------+----------------------------+-----
Unarmed Combat | 2 3 4 5 7 8 10 | 10.8
Armour         | 2 6 7 |  7.6
Fighting       | 6 |  6.0
Invocations    | 3 |  3.5
Dodging        | |  2.1
Stealth        | |  1.5
Spellcasting   | |  1.3
Conjurations   | |  0.6
Alchemy        | |  2.1

Action                     |  1- 3 |  4- 6 |  7- 9 || total
---------------------------+-------+-------+-------++-------
  Melee: Unarmed           |   109 |   169 |   251 ||   529
         Headbutt          |    15 |    27 |    52 ||    94
         Punch             |     5 |     4 |     1 ||    10
   Cast: Sting             |     1 |       |       ||     1
  Evoke: Wand              |     3 |       |     4 ||     7
    Use: Scroll            |     1 |     2 |     6 ||     9
         Potion            |       |       |     7 ||     7
 Armour: Robe              |    26 |       |       ||    26
         Chain mail        |    42 |     5 |       ||    47
         Plate armour      |       |   129 |   350 ||   479
  Dodge: Dodged            |    32 |    23 |    36 ||    91
  Block: Kite shield       |       |       |    75 ||    75

Table legend: (Time is in decaauts)
 A = Elapsed time spent in this place.
 B = Non-inter-level travel time spent in this place.
 C = Inter-level travel time spent in this place.
 D = Time resting spent in this place.
 E = Time spent auto-exploring this place.
 F = Levels seen in this place.
 G = Mean time per level.
                   A        B        C        D        E       F      G
               +--------+--------+--------+--------+--------+-----+--------+
         Total |   5557 |   5119 |    438 |    184 |   3313 |   8 |  694.6 |
       Dungeon |   5557 |   5119 |    438 |    184 |   3313 |   8 |  694.6 |
               +--------+--------+--------+--------+--------+-----+--------+

Top non-repeatable levels by time:
     D:2: 966 daAuts
     D:4: 898 daAuts
     D:1: 856 daAuts
     D:7: 751 daAuts
     D:3: 742 daAuts
     D:6: 741 daAuts
     D:5: 593 daAuts
     D:8: 6 daAuts
